 Dungeon Crawl Stone Soup version 0.26-a0-667-g92642533e4 (webtiles) character file.

Game seed: 11413766369453887295

121 grandjackal the Slasher (level 4, 0/35 HPs)
             Began as a Demonspawn Gladiator on Oct 16, 2020.
             Killed from afar by an orc wizard (6 damage)
             ... with a puff of frost
             ... on level 2 of the Dungeon.
             The game lasted 00:01:55 (1734 turns).

grandjackal the Slasher (Demonspawn Gladiator)      Turns: 1734, Time: 00:01:55

Health: 0/35       AC:  5    Str: 15    XL:     4   Next: 76%
Magic:  4/4        EV: 13    Int: 10    God:
Gold:   100        SH:  0    Dex: 14    Spells: 3/3 levels left

rFire    . . .     SeeInvis .   a - +1 long sword
rCold    . . .     Faith    .   (no shield)
rNeg     . . .     Spirit   .   b - +0 leather armour
rPois    .         Reflect  .   (helmet restricted)
rElec    .         Harm     .   (no cloak)
rCorr    .         Rampage  .   (no gloves)
MR       .....                  (no boots)
Stlth    +.........             o - amulet of inaccuracy (curse)
HPRegen  0.11/turn              (no ring)
MPRegen  0.09/turn              (no ring)

@: no status effects
A: horns 1, thin metallic scales 1
a: no special abilities


You were on level 2 of the Dungeon.
You visited 1 branch of the dungeon, and saw 2 of its levels.

You collected 100 gold pieces.

Inventory:

Hand Weapons
 a - a +1 long sword (weapon)
Missiles
 d - 3 throwing nets (quivered)
Armour
 b - a +0 leather armour (worn)
Jewellery
 o - a cursed amulet of inaccuracy (around neck)
Scrolls
 c - a scroll of enchant weapon
 f - a scroll of teleportation
Potions
 e - a potion of resistance
 i - a potion of haste {unknown}
 j - a potion of curing {unknown}
 l - a potion of brilliance {unknown}


   Skills:
 + Level 3.3 Fighting
 + Level 3.6 Long Blades
 - Level 1.7 Throwing
 + Level 3.6 Dodging


You had 3 spell levels left.
You didn't know any spells.
Your spell library was empty.

Dungeon Overview and Level Annotations

Branches:
Dungeon (2/15)

Altars:
Dithmenos
Elyvilon


Innate Abilities, Weirdness & Mutations

You have a pair of small horns on your head.
You are partially covered in thin metallic scales. (AC +2)


Message History

Something hits you but does no damage.
You barely miss something. Something hits you.
You barely miss something. Your headbutt misses something.
Something barely misses you. Something hits you but does no damage.
You completely miss something. You headbutt something.
Something barely misses you.
An orc wizard comes into view. It is wielding a +0 dagger.
Something hits you but does no damage.
You closely miss something. Something hits you but does no damage.
Something hits you.
* * * LOW HITPOINT WARNING * * *
You barely miss something. Your headbutt misses something. Something hits you.
* * * LOW HITPOINT WARNING * * *
Something hits you.
* * * LOW HITPOINT WARNING * * *
You closely miss something.
You hear some strange, mumbled words.
A puff of frost appears from out of thin air!
The puff of frost hits you.
You die...

..# ####'#.....# #...........
..###......###.#######...........
....+................#...........
..###......#.....................
...........#.......#.##..........
.####......#.......#.########....
.# #......#...#####.### #.###
#####......#...###.....######.###
....'......'...o@{o...........)..
#####......#...###......#########
..# #......#...# #.............
#.# #......#...# #..........(..
#.# #......#...# #.............
#<# #......#...# #.............
#.# ########...# ####..........
#.# #...# #.......... #.# #####
#..........


You could see an orc wizard and an orc.

Vanquished Creatures
  An orc wizard (D:2)
  Terence (D:2)
  A gnoll (D:1)
  An adder (D:2)
  A worm (D:2)
  3 dart slugs (D:1)
  A leopard gecko (D:1)
  An orc (D:2)
  A ball python (D:1)
  2 bats (D:1)
  3 giant cockroaches
  3 goblins
  8 hobgoblins
  9 jackals
  2 frilled lizards (D:1)
  2 kobolds
  8 rats
48 creatures vanquished.

Notes
Turn   | Place    | Note
-------+----------+-------------------------------------------
     0 | D:1      | grandjackal the Demonspawn Gladiator began the quest for
                  | the Orb.
     0 | D:1      | Reached XP level 1. HP: 16/16 MP: 1/1
    42 | D:1      | Gained mutation: You have a pair of small horns on your
                  | head. [demonic ancestry]
    42 | D:1      | Reached XP level 2. HP: 22/22 MP: 2/2
   374 | D:1      | Gained mutation: You are partially covered in thin metallic
                  | scales. (AC +2) [demonic ancestry]
   374 | D:1      | Reached XP level 3. HP: 23/28 MP: 3/3
   891 | D:2      | Reached XP level 4. HP: 19/35 MP: 4/4
  1150 | D:2      | Found a shadowy altar of Dithmenos.
  1398 | D:2      | Noticed Terence
  1410 | D:2      | Killed Terence
  1472 | D:2      | Found a white marble altar of Elyvilon.
  1724 | D:2      | HP: 1/35 [something (4)]
  1734 | D:2      | Killed from afar by an orc wizard

Illustrated notes

Levels and vault maps discovered:
D:1:      nicolae_arrival_memento_mori, layout_rooms,
          ebering_dispersal_statue_hall, minmay_tromino_v4_b
D:2:      layout_basic, lemuel_round_altar, overflow_temple_1_default,
          uniq_terence

Skill      XL: |  1  2  3 |
---------------+----------+-----
Long Blades    | 3 |  3.6
Dodging        | 3 |  3.6
Fighting       | 3 |  3.3
Throwing       | |  1.7

Action                   |  1- 3 |  4- 6 || total
-------------------------+-------+-------++-------
Melee: Long sword        |    90 |    56 ||   146
       Headbutt          |    10 |    10 ||    20
  Use: Scroll            |       |     7 ||     7
       Potion            |       |     2 ||     2
 Stab: Sleeping          |     2 |       ||     2
Armor: Leather armour    |    33 |    22 ||    55
Dodge: Dodged            |    84 |    29 ||   113
       Rpst.: Long sword |    25 |     8 ||    33

Table legend: (Time is in decaauts)
 A = Elapsed time spent in this place.
 B = Non-inter-level travel time spent in this place.
 C = Inter-level travel time spent in this place.
 D = Time resting spent in this place.
 E = Time spent auto-exploring this place.
 F = Levels seen in this place.
 G = Mean time per level.
                   A        B        C        D        E       F      G
               +--------+--------+--------+--------+--------+-----+--------+
         Total |   1768 |   1765 |      3 |    407 |   1047 |   2 |  884.0 |
       Dungeon |   1768 |   1765 |      3 |    407 |   1047 |   2 |  884.0 |
               +--------+--------+--------+--------+--------+-----+--------+

Top non-repeatable levels by time:
     D:1: 893 daAuts
     D:2: 875 daAuts
